 Dungeon Crawl Stone Soup version 0.31-a0-1074-g0b22e4e0f1 (webtiles) character file.

Game seed: 9251056430680820951

196365 bmb222 the Metamorph (level 17, -10/265 HPs)
             Began as an Octopode Shapeshifter on Nov 29, 2023.
             Was the Champion of Jiyva.
             Mangled by an earth elemental (24 damage)
             ... on level 2 of the Elven Halls on Nov 30, 2023.
             The game lasted 00:58:19 (36008 turns).

bmb222 the Metamorph (Octopode Shapeshifter)       Turns: 36008, Time: 00:58:20

Health: -10/265    AC: 20    Str: 34    XL:     17   Next: 94%
Magic:  17/17      EV: 28    Int: 24    God:    Jiyva [******]
Gold:   219        SH:  5    Dex: 23    Spells: 16/16 levels left

rFire   + +          .
                       - Unarmed
rCold   . . .        P - melded +2 buckler {rC+}
rNeg    + . .        y - melded +2 hat
rPois   +            E - amulet "Osycumed" {Reflect rElec rN+ Regen+ SH+5}
rElec   +            x - +5 ring of evasion
rCorr   +            A - +4 ring of protection
SInv    .            M - +5 ring of evasion
Will    +....        h - +6 ring of intelligence Stlth
                     K - +4 ring of protection
HPRegen 3.04/turn    S - +6 ring of dexterity
MPRegen 0.65/turn    R - +6 ring of strength
                     e - ring of protection from cold

%: reflection
@: berserking, lethally poisoned (-10 -> -10), dragon-form, flying, slowed
A: dragon claw, dragon scales, breathe fire, flying, boosted hp, almost no
armour, amphibious, 8 rings, giant, (camouflage 1), (gelatinous body 1), (nimble
swimmer 1), (tentacles), (iridescent scales 2), agile 2, clever 2, (eyeballs 3),
(jelly sensing items), (engulf)
}: 2/15 runes: decaying, slimy
a: Breathe Fire, Begin Untransformation, Renounce Religion, Oozemancy, Slimify


You were on level 2 of the Elven Halls.
You worshipped Jiyva.
Jiyva was exalted by your worship.
You were a fearsome dragon!
You visited 7 branches of the dungeon, and saw 34 of its levels.
You also visited: Sewer, Bailey and Ice Cave.

You collected 3187 gold pieces.
You spent 2968 gold pieces at shops.

Inventory:

Missiles
 j - 6 silver javelins
 r - 40 boomerangs (quivered)
 H - 8 curare-tipped darts
Armour
 p - a +0 hat of willpower
 t - a +2 kite shield
 y - a +2 hat (melded)
 P - a +2 buckler of cold resistance (melded)
Jewellery
 e - a ring of protection from cold (on tentacle)
 f - an amulet of guardian spirit
 h - a +6 ring of intelligence (on tentacle)
 i - a ring of see invisible
 x - a +5 ring of evasion (left foreclaw)
 A - a +4 ring of protection (right foreclaw)
 E - the amulet "Osycumed" (around neck) {Reflect rElec rN+ Regen+ SH+5}
   (You found it on level 5 of the Pits of Slime)

   [amulet of reflection]

   Reflect:   It reflects blocked missile attacks.
   rElec:     It insulates you from electricity.
   rN+:       It protects you from negative energy.
   Regen+:    It increases your rate of health regeneration.
   SH+5:      It affects your SH (+5).
 F - an amulet of the acrobat
 K - a +4 ring of protection (on tentacle)
 M - a +5 ring of evasion (on tentacle)
 O - a ring of poison resistance
 R - a +6 ring of strength (on tentacle)
 S - a +6 ring of dexterity (on tentacle)
Talismans
 b - a beast talisman
 c - a flux talisman
 g - a maw talisman
 s - a talisman of death
 v - a dragon-blood talisman (active)
 C - a blade talisman
 D - a serpent talisman
Wands
 m - a wand of mindburst (1)
 o - a wand of paralysis (20)
 V - a wand of light (9)
 X - a wand of flame (28)
 Y - a wand of polymorph (5)
Scrolls
 k - 5 scrolls of enchant weapon
 l - 5 scrolls of amnesia
 n - 4 scrolls of enchant armour
 z - 2 scrolls of blinking
 G - a scroll of revelation
 J - 15 scrolls of identify
 N - 2 scrolls of poison
 U - 9 scrolls of teleportation
 W - a scroll of fog
 Z - 2 scrolls of fear
Potions
 a - 5 potions of lignification
 d - 8 potions of curing
 u - 5 potions of enlightenment
 w - a potion of resistance
 B - a potion of cancellation
 L - 2 potions of magic
Miscellaneous
 Q - a phantom mirror


   Skills:
 - Level 11.6 Fighting
 + Level 3.9 Throwing
 - Level 15.2 Dodging
 - Level 7.5 Stealth
 - Level 9.1 Shields
 - Level 17.2 Unarmed Combat
 - Level 5.8 Evocations
 * Level 17.4 Shapeshifting


You had 16 spell levels left.
You didn't know any spells.
Your spell library contained the following spells:

 Spells                   Type           Power      Damage    Failure   Level
 Freeze                   Ice            0%         1d3       14%         1
 Magic Dart               Conj           0%         1d3       14%         1
 Ensorcelled Hibernation  Hex/Ice        0%         N/A       22%         2
 Jinxbite                 Hex            0%         N/A       22%         2
 Lesser Beckoning         Tloc           0%         N/A       22%         2
 Passwall                 Tmut/Erth      0%         N/A       22%         2
 Searing Ray              Conj           0%         2d4       22%         2
 Frozen Ramparts          Ice            0%         1d1       41%         3
 Gell's Gravitas          Tloc           0%         N/A       41%         3
 Hailstorm                Conj/Ice       0%         3d3       41%         3
 Ignite Poison            Fire/Tmut/Pois 0%         N/A       41%         3
 Inner Flame              Hex/Fire       0%         N/A       41%         3
 Stone Arrow              Conj/Erth      0%         3d7       41%         3
 Swiftness                Air            0%         N/A       41%         3
 Teleport Other           Tloc           0%         N/A       41%         3
 Anguish                  Hex/Necr       0%         N/A       82%         4
 Fulminant Prism          Conj/Hex       0%         3d5       82%         4
 Sticky Flame             Conj/Fire      0%         2d3       82%         4
 Summon Lightning Spire   Summ/Air       0%         N/A       82%         4
 Lee's Rapid Deconstruct  Erth           0%         3d4*      99%         5
 Yara's Violent Unravell  Hex/Tmut       0%         3d3       99%         5
 Dispersal                Tloc           0%         N/A       100%        6
 Simulacrum               Ice/Necr       0%         N/A       100%        6
 Enfeeble                 Hex            0%         N/A       100%        7
 Ozocubu's Refrigeration  Ice            0%         4d7       100%        7
 Ignition                 Fire           0%         3d3       100%        8
 Lehudib's Crystal Spear  Conj/Erth      0%         10d2      100%        8
 Polar Vortex             Ice            0%         N/A       100%        9
 Animate Armour           Summ/Erth      Unusable   N/A       N/A         4

Dungeon Overview and Level Annotations

Branches:
Dungeon (15/15)            Temple (1/1) D:6            Lair (5/5) D:9
  Swamp (4/4) Lair:2       Spider (0/4) Lair:3        Slime (5/5) Lair:4
    Orc (2/2) D:10            Elf (2/3) Orc:2        Vaults (0/5) D:14
 Depths (0/4) D:15          Sewer (visited)          Bailey (visited)
  IceCv (visited)

Altars:
Ashenzari
Cheibriados
Dithmenos
Elyvilon
Fedhas
Gozag
Hepliaklqana
Kikubaaqudgha
Makhleb
Nemelex Xobeh
Okawaru
Qazlal
Ru
Sif Muna
Trog
Vehumet
Wu Jian
Xom
Yredelemnul
Zin
The Shining One
Jiyva

Shops:
D:7 [   D:11 *   D:14 =   Orc:2 *=(*

Annotations:
D:3 1 runed translucent door, Crazy Yiuf
D:6 3 runed translucent doors, Pokonic1's ghost, novice DsFE
D:10 Joseph; Nergalle
Slime:5 Royal Jelly
Orc:1 3 runed translucent doors, grandjackal's ghost, journeyman TeCj


Innate Abilities, Weirdness & Mutations

You are a fearsome dragon!
You have a powerful clawing attack.
Your giant scaled body is strong and resilient, but less evasive.
You can breathe fire.
You are flying.
Your maximum health is greatly increased.
Your armour is entirely melded.
You are incapable of wielding weapons or throwing items.
You cannot wear most types of armour.
You are amphibious.
You can wear up to eight rings at the same time.
((Your skin changes colour to match your surroundings (Stealth+).))
((Your rubbery body absorbs attacks. (AC +1, EV +1)))
((You are camouflaged when in or above water. (Stealth+)))
((You have tentacles for arms and can constrict up to eight enemies at once.))
((You are mostly covered in iridescent scales. (AC +4)))
You are very agile. (Dex +8, Str/Int -2)
Your mind is very acute. (Int +8, Str/Dex -2)
((Your body is covered in eyes which may confuse attackers. (Acc +7, SInv)))
((You have a small jelly attached to you that senses nearby items.))
((Your melee attacks may engulf your foes in ooze.))


Message History

The deep elf archer casts a spell at you.
You feel yourself slow down.
The +0 falchion hits you but does no damage.
You feel much better.
The deep elf pyromancer burns!
The deep elf pyromancer dies!
You block the +4 glaive of flaming's attack.
The +0 falchion barely misses you. The +3 halberd of venom hits you.
* * * LOW HITPOINT WARNING * * *
You are poisoned.
The deep elf archer casts a spell.
The deep elf archer blinks!
The deep elf archer shoots an arrow.
The arrow hits you.
* * * LOW HITPOINT WARNING * * *
The +4 glaive of flaming hits you!!
* * * LOW HITPOINT WARNING * * *
The +4 glaive of flaming burns you.
* * * LOW HITPOINT WARNING * * *
The +0 falchion hits you!
* * * LOW HITPOINT WARNING * * *
The +3 halberd of venom completely misses you.
The earth elemental completely misses you.
A red film seems to cover your vision as you go berserk!
You feel yourself moving faster!
You feel mighty!
You feel very sick. The +0 falchion hits you.
* * * LOW HITPOINT WARNING * * *
The +3 halberd of venom misses you.
The deep elf archer gestures wildly while chanting.
The deep elf archer blinks!
The +4 glaive of flaming barely misses you.
The deep elf archer shoots an arrow.
The arrow misses you.
The arrow hits the +3 halberd of venom!!
The +0 falchion closely misses you.
The +3 halberd of venom completely misses you.
The deep elf archer casts a spell.
The deep elf archer blinks!
The +4 glaive of flaming closely misses you.
The deep elf archer casts a spell at you.
You resist with some effort. The earth elemental hits you!!
You die...

.......
?.....e§..
#...##...##
>..#.....#
#.#.....##
#...§...#
#.......##
#.E((<..#
#..D.§.##
#.(.§..#
#.)....##
#?..e..#
#.####.##
..#.#...#
#...#.####
#..#.# ##.
.# .#


You could see 2 deep elf archers, an earth elemental and 3 dancing weapons.

Vanquished Creatures
  the Lernaean hydra (Swamp:4)
  Nikola (Elf:1)
  Jorgrun (Swamp:2)
  Gastronok (D:8)
  A thorn hunter (Swamp:4)
  Aizul (Elf:1)
  Agnes (Elf:1)
  Kirke (Swamp:2)
  A fenstrider witch (Swamp:3)
  A frost giant (IceCv)
  A very ugly thing (D:15)
  2 orc warlords
  An ironbound preserver (D:14)
  3 eleionomae
  2 deep elf annihilators
  Azrael (D:14)
  2 bunyips (Swamp:4)
  6 dire elephants (Lair:5)
  Snorg (D:12)
  A rakshasa (D:15)
  2 ghost crabs
  18 hydras
  Erica (D:10)
  A catoblepas (Lair:5)
  12 two-headed ogres
  7 dancing weapons (Elf:1)
  2 ogre magi (D:15)
  6 centaur warriors
  3 boulder beetles
  6 alligators
  A tengu warrior (D:13)
  13 death yaks
  5 orc high priests (Orc:2)
  Sonja (D:10)
  5 deep elf knights (Elf:1)
  A spectral death yak (Lair:5)
  Lodul (D:12)
  7 goliath frogs
  2 skeletal warriors (D:14)
  3 spriggan druids
  A spectral anaconda (Lair:5)
  3 deep elf archers (Elf:1)
  11 swamp dragons (Swamp:4)
  An obsidian statue (Lair:5)
  5 bog bodies
  7 orc knights
  3 necromancers (Lair:5)
  An arcanist (D:14)
  16 ugly things
  17 deep elf pyromancers
  An orc sorcerer (Orc:1)
  8 deep elf zephyrmancers
  2 oklob plants
  A will-o-the-wisp (Swamp:4)
  5 cyclopes
  4 black mambas
  11 elephants
  An ice statue (IceCv)
  2 dire elephant zombies (Lair:5)
  A gargoyle (D:12)
  7 cane toads
  A rime drake (Lair:4)
  2 unseen horrors (D:12)
  A freezing wraith (D:15)
  5 komodo dragons
  A komodo dragon (shapeshifter) (D:15)
  2 tengu conjurers (D:13)
  A meliai (D:14)
  8 trolls
  9 polar bears
  6 tyrant leeches
  3 blink frogs
  A spectral elephant (Lair:5)
  4 hornets
  11 dream sheep
  A jumping spider (Lair:3)
  A culicivora (Lair:3)
  2 centaur simulacra
  39 yaks
  A vampire (D:12)
  2 water elementals (Elf:1)
  5 wyverns
  3 air elementals
  6 spriggans
  7 hogs (Swamp:2)
  2 wraiths
  A dire elephant simulacrum (Lair:5)
  A basilisk (Lair:5)
  A basilisk (shapeshifter) (D:14)
  5 vampire mosquitoes (D:14)
  5 fire elementals
  A spectral cane toad (Lair:5)
  2 death yak simulacra
  14 swamp worms
  4 wargs
  2 acid dragons
  15 water moccasins
  Duvessa (D:5)
  4 hell hounds (D:14)
  43 orc warriors
  A sky beast (D:8)
  An elephant zombie (Lair:5)
  12 swamp drakes
  15 ogres
  2 ice beasts (D:7)
  21 wolves
  An elephant skeleton (Lair:5)
  14 centaurs
  4 phantoms
  2 kobold brigands
  13 bullfrogs
  2 two-headed ogre simulacra (D:12)
  An earth elemental (Elf:1)
  A gnoll sergeant (D:9)
  A scorpion (D:6)
  9 wights
  Dowan (D:5)
  4 killer bees (D:9)
  An elephant simulacrum (Lair:5)
  An electric eel (Lair:2)
  3 hounds (D:6)
  A gnoll bouda (D:8)
  6 jellies
  21 orc priests
  Terence (D:2)
  2 iguanas
  3 sleepcaps
  2 spriggan simulacra (D:12)
  20 orc wizards
  A wolf simulacrum (D:12)
  Robin (D:2)
  14 gnolls
  12 adders
  2 naga simulacra (D:12)
  4 shadow imps
  A white imp (D:5)
  115 orcs
  8 endoplasms
  10 giant cockroaches
  22 goblins
  10 hobgoblins
  20 kobolds
  13 quokkas
  13 ball pythons
  2 bats (D:2)
  16 frilled lizards
  7 rats
895 creatures vanquished.

Vanquished Creatures (collateral kills)
  A deep elf pyromancer (Elf:1)
1 creature vanquished.

Vanquished Creatures (others)
  A skeletal warrior (D:14)
  A glowing orange brain (D:15)
  A deep elf pyromancer (Elf:2)
  An ugly thing (D:15)
  A meliai (shapeshifter) (D:15)
  3 bloated husks
  5 slime creatures (D:14)
  58 jellies
  An orc priest (Orc:2)
  2 foxfires (Swamp:4)
74 creatures vanquished.

Grand Total: 970 creatures vanquished

Notes
Turn   | Place    | Note
-------+----------+-------------------------------------------
     0 | D:1      | bmb222 the Octopode Shapeshifter began the quest for the
                  | Orb.
     0 | D:1      | Reached XP level 1. HP: 13/13 MP: 1/1
   319 | D:1      | Reached XP level 2. HP: 4/18 MP: 2/2
   727 | D:1      | Reached skill level 1 in Stealth
   925 | D:1      | Reached XP level 3. HP: 23/23 MP: 3/3
   986 | D:1      | Found a faded altar of an unknown god.
  1101 | D:2      | Noticed Robin
  1603 | D:2      | Identified the +4 dagger "Daet" {speed, Fly Str-5 Int+7}
  1615 | D:2      | Noticed Terence
  1634 | D:2      | Reached XP level 4. HP: 28/28 MP: 4/4
  1801 | D:2      | Killed Robin
  1805 | D:2      | Killed Terence
  2192 | D:3      | Reached XP level 5. HP: 16/33 MP: 5/5
  3312 | D:3      | Found a runed translucent door.
  3313 | D:3      | Noticed Crazy Yiuf
  3798 | D:4      | Identified the +0 robe of Catotemmo {Str+5 Dex-2}
  4025 | D:4      | Reached XP level 6. HP: 37/38 MP: 6/6
  4119 | D:5      | Entered Level 5 of the Dungeon
  4155 | D:5      | Reached skill level 5 in Stealth
  4320 | D:5      | Found a snail-covered altar of Cheibriados.
  4359 | D:5      | Noticed Duvessa
  4404 | D:5      | Found a glowing drain.
  4478 | Sewer    | Entered a sewer
  4704 | Sewer    | Reached XP level 7. HP: 35/43 MP: 7/7
  4882 | Sewer    | Reached skill level 5 in Unarmed Combat
  5045 | D:5      | Noticed Dowan
  5215 | D:5      | Killed Duvessa
  5216 | D:5      | Reached skill level 5 in Shapeshifting
  5218 | D:5      | Killed Dowan
  5296 | D:5      | Reached skill level 1 in Throwing
  5296 | D:5      | Reached XP level 8. HP: 37/49 MP: 8/8
  6660 | D:6      | Found a runed translucent gate.
  6662 | D:6      | Found a staircase to the Ecumenical Temple.
  6676 | Temple   | Entered the Ecumenical Temple
  7106 | D:6      | Reached XP level 9. HP: 54/54 MP: 9/9
  7283 | D:6      | Found a blossoming altar of Fedhas.
  7283 | D:6      | Found a sacrificial altar of Ru.
  7291 | D:6      | Found a shimmering altar of Xom.
  7293 | D:6      | Found a broken altar of Ashenzari.
  7295 | D:6      | Found a burning altar of Makhleb.
  7332 | D:6      | Found a runed translucent gate.
  7333 | D:6      | Found a runed translucent gate.
  7335 | D:6      | Noticed a spectral unseen horror
  7335 | D:6      | Noticed Pokonic1's ghost (novice DsFE)
  7981 | D:7      | Noticed a troll
  8071 | D:7      | Found Keuc's Antique Armour Emporium.
  8708 | D:8      | Noticed Gastronok
  8733 | D:8      | Found a flagged portal.
  8767 | Bailey   | Entered a bailey
  8894 | Bailey   | Reached skill level 5 in Dodging
  9070 | Bailey   | Noticed an orc warlord
  9142 | Bailey   | Noticed an orc knight
  9305 | Bailey   | Killed an orc knight
  9306 | Bailey   | Reached skill level 1 in Evocations
  9327 | Bailey   | Found a runed translucent gate.
  9329 | Bailey   | Found a runed translucent gate.
  9332 | Bailey   | Identified a scroll of acquirement
  9332 | Bailey   | Acquired a manual of Dodging
  9334 | Bailey   | Found a runed translucent gate.
  9519 | Bailey   | Reached skill level 5 in Fighting
  9519 | Bailey   | Reached skill level 10 in Shapeshifting
  9519 | Bailey   | Reached XP level 10. HP: 66/66 MP: 10/10
  9569 | D:8      | Reached XP level 11. HP: 43/71 MP: 11/11
 10358 | D:8      | Killed Gastronok
 10986 | D:9      | Found a staircase to the Lair.
 11255 | D:9      | Reached skill level 5 in Evocations
 11279 | D:9      | Found an ornate altar of the Wu Jian Council.
 11399 | Lair:1   | Entered Level 1 of the Lair of Beasts
 11437 | Lair:1   | Noticed a five-headed hydra
 11735 | D:9      | Found a shimmering blue altar of Sif Muna.
 12093 | D:9      | Found a glowing silver altar of Zin.
 12522 | D:10     | Entered Level 10 of the Dungeon
 12606 | D:10     | Reached skill level 10 in Dodging
 12616 | D:10     | Noticed Joseph
 13103 | D:10     | Noticed a two-headed ogre
 13121 | D:10     | Killed a two-headed ogre
 13250 | D:10     | Noticed Erica
 13258 | D:10     | Killed Erica
 13430 | D:10     | Noticed Sonja
 13432 | D:10     | Killed Sonja
 13448 | D:10     | Reached XP level 12. HP: 61/77 MP: 12/12
 14201 | D:10     | Found a shadowy altar of Dithmenos.
 14201 | D:10     | Noticed Nergalle
 14225 | D:10     | Found a staircase to the Orcish Mines.
 14234 | Orc:1    | Entered Level 1 of the Orcish Mines
 14925 | Orc:1    | Found a runed translucent gate.
 14925 | Orc:1    | Noticed grandjackal's ghost (journeyman TeCj)
 14929 | Orc:1    | Found a runed translucent gate.
 14937 | Orc:1    | Found a runed translucent gate.
 14994 | Orc:1    | Identified the +0 chain mail of the Game of Life {Dex+4}
 14998 | Orc:1    | Identified the ring "Fudiatoots" {rN+ Str+3 Dex+2 Slay+4}
 15092 | Orc:1    | Noticed a two-headed ogre
 15101 | Orc:1    | Killed a two-headed ogre
 15309 | Orc:1    | Noticed an orc warlord
 16056 | D:11     | Found the +4 robe of Augmentation {Str+4 Int+4 Dex+4}
 16060 | D:11     | Noticed a two-headed ogre
 16071 | D:11     | Killed a two-headed ogre
 16237 | D:11     | Reached skill level 10 in Unarmed Combat
 16692 | D:11     | Noticed a two-headed ogre
 16699 | D:11     | Killed a two-headed ogre
 16771 | D:11     | Found Myhexew's Assorted Antiques.
 16777 | D:11     | Bought a +4 ring of protection for 864 gold pieces
 17245 | D:12     | Noticed a boulder beetle
 17262 | D:11     | Killed a boulder beetle
 17357 | D:12     | Noticed Snorg
 17422 | D:12     | Killed Snorg
 17431 | D:12     | Found a frozen archway.
 17566 | IceCv    | Entered an ice cave
 17996 | IceCv    | Reached XP level 13. HP: 77/85 MP: 13/13
 18303 | IceCv    | Noticed a frost giant
 18360 | IceCv    | Killed a frost giant
 18516 | IceCv    | Identified the staff of Shrieking Terror {rF+ rN+ Dex+3
                  | Necro}
 19412 | D:12     | Noticed Lodul
 19573 | D:12     | Killed Lodul
 19636 | D:12     | Identified the +3 flail "Kiguphad" {spect, rPois rF++
                  | Int+3}
 20025 | Lair:1   | Reached skill level 15 in Unarmed Combat
 20286 | Lair:1   | Found a white marble altar of Elyvilon.
 21495 | Lair:2   | Found a staircase to the Swamp.
 21495 | Lair:2   | Noticed an eleionoma
 21506 | Lair:2   | Killed an eleionoma
 21791 | Lair:2   | Reached XP level 14. HP: 92/92 MP: 14/14
 22825 | Lair:3   | Found a hole to the Spider Nest.
 23718 | Lair:4   | Found a viscous altar of Jiyva.
 23718 | Lair:4   | Found a staircase to the Slime Pits.
 23974 | Lair:4   | Became a worshipper of Jiyva Jainitud the Shapeless
 24216 | Lair:4   | Reached * piety under Jiyva
 24589 | Lair:5   | Entered Level 5 of the Lair of Beasts
 25579 | Lair:5   | Reached skill level 1 in Shields
 25625 | Lair:5   | Reached ** piety under Jiyva
 25815 | Lair:5   | Noticed a dire elephant
 25898 | Lair:5   | Noticed a dire elephant
 25898 | Lair:5   | Noticed a dire elephant
 25914 | Lair:5   | Noticed a dire elephant
 25932 | Lair:5   | Killed a dire elephant
 26024 | Lair:5   | Killed a dire elephant
 26040 | Lair:5   | Killed a dire elephant
 26045 | Lair:5   | Killed a dire elephant
 26212 | Lair:5   | Reached XP level 15. HP: 102/102 MP: 15/15
 26370 | Lair:5   | Reached skill level 5 in Shields
 26487 | Lair:5   | Reached *** piety under Jiyva
 26932 | D:10     | Killed an orc warlord
 27399 | Orc:1    | Noticed an orc warlord
 27408 | Orc:1    | Killed an orc warlord
 27486 | Orc:1    | Identified the +0 rapier of the Onslaught {freeze, rElec
                  | Int+5 SInv Stlth+}
 27521 | Orc:2    | Entered Level 2 of the Orcish Mines
 27521 | Orc:2    | Gained mutation: You have very sharp teeth. [Jiyva's grace]
 27521 | Orc:2    | Gained mutation: You have extremely sharp teeth. [Jiyva's
                  | grace]
 27521 | Orc:2    | Gained mutation: You have razor-sharp teeth. [Jiyva's
                  | grace]
 27521 | Orc:2    | Gained mutation: Armour fits poorly on your pseudopods.
                  | [Jiyva's grace]
 27595 | Orc:2    | Found a staircase to the Elven Halls.
 27710 | Orc:2    | Reached **** piety under Jiyva
 28051 | Orc:2    | Reached skill level 10 in Fighting
 28106 | Orc:2    | Found Liegofaane's Assorted Antiques.
 28106 | Orc:2    | Found Ciskuunut's Assorted Antiques.
 28107 | Orc:2    | Found Lual's Antique Weapon Boutique.
 28107 | Orc:2    | Found Daqaadwa's Jewellery Shop.
 28117 | Orc:2    | Bought a ring of poison resistance for 280 gold pieces
 28117 | Orc:2    | Bought a +6 ring of strength for 504 gold pieces
 28117 | Orc:2    | Bought a blade talisman for 420 gold pieces
 28326 | Swamp:1  | Entered Level 1 of the Swamp
 28817 | Swamp:2  | Noticed Jorgrun
 28827 | Swamp:2  | Killed Jorgrun
 28850 | Swamp:2  | Lost mutation: You have razor-sharp teeth. [potion of
                  | mutation]
 28850 | Swamp:2  | Lost mutation: Armour fits poorly on your pseudopods.
                  | [potion of mutation]
 28850 | Swamp:2  | Lost mutation: You have extremely sharp teeth. [potion of
                  | mutation]
 28850 | Swamp:2  | Gained mutation: Your spells are a little easier to cast,
                  | but a little less powerful. [potion of mutation]
 28850 | Swamp:2  | Gained mutation: You expend magic power (3 MP) to
                  | strengthen your wands. [potion of mutation]
 28851 | Swamp:2  | Lost mutation: You have very sharp teeth. [potion of
                  | mutation]
 28851 | Swamp:2  | Lost mutation: You expend magic power (3 MP) to strengthen
                  | your wands. [potion of mutation]
 28851 | Swamp:2  | Lost mutation: Your spells are a little easier to cast, but
                  | a little less powerful. [potion of mutation]
 28851 | Swamp:2  | Gained mutation: Your body sometimes deteriorates upon
                  | taking damage. [potion of mutation]
 28851 | Swamp:2  | Gained mutation: You possess an exceptional clarity of
                  | mind. [potion of mutation]
 28851 | Swamp:2  | Gained mutation: You have hidden genetic potential. [potion
                  | of mutation]
 28852 | Swamp:2  | Lost mutation: Your body sometimes deteriorates upon taking
                  | damage. [potion of mutation]
 28852 | Swamp:2  | Lost mutation: You possess an exceptional clarity of mind.
                  | [potion of mutation]
 28852 | Swamp:2  | Lost mutation: You have hidden genetic potential. [potion
                  | of mutation]
 28852 | Swamp:2  | Gained mutation: You sometimes lose your temper in combat.
                  | [potion of mutation]
 28945 | Swamp:2  | Lost mutation: You sometimes lose your temper in combat.
                  | [Jiyva's grace]
 28945 | Swamp:2  | Gained mutation: You are partially covered in iridescent
                  | scales. (AC +2) [Jiyva's grace]
 28945 | Swamp:2  | Gained mutation: You are mostly covered in iridescent
                  | scales. (AC +4) [Jiyva's grace]
 28945 | Swamp:2  | Gained mutation: You are completely covered in iridescent
                  | scales. (AC +6) [Jiyva's grace]
 28945 | Swamp:2  | Gained mutation: Your melee attacks may engulf your foes in
                  | ooze. [Jiyva's grace]
 29006 | Swamp:2  | Noticed Kirke
 29038 | Swamp:2  | Killed Kirke
 29426 | Swamp:3  | Noticed a fenstrider witch
 29444 | Swamp:3  | Killed a fenstrider witch
 29453 | Swamp:3  | Reached XP level 16. HP: 106/108 MP: 16/16
 29515 | Swamp:3  | Reached ***** piety under Jiyva
 29885 | Swamp:4  | Entered Level 4 of the Swamp
 30135 | Swamp:4  | Noticed a thorn hunter
 30146 | Swamp:4  | Killed a thorn hunter
 30274 | Swamp:4  | Noticed the 27-headed Lernaean hydra
 30302 | Swamp:4  | Reached skill level 15 in Dodging
 30327 | Swamp:4  | Killed the 27-headed Lernaean hydra
 30414 | Swamp:4  | Got a decaying rune of Zot
 30732 | Slime:1  | Entered Level 1 of the Pits of Slime
 30753 | Slime:1  | Noticed an azure jelly
 30755 | Slime:1  | Noticed an acid blob
 30758 | Slime:1  | Noticed an acid blob
 30779 | Slime:1  | Noticed a rockslime
 30840 | Slime:2  | Noticed an acid blob
 30842 | Slime:2  | Noticed a rockslime
 30898 | Slime:2  | Noticed an acid blob
 30966 | Slime:3  | Noticed an azure jelly
 31016 | Slime:3  | Noticed an acid blob
 31058 | Slime:3  | Noticed a rockslime
 31111 | Slime:3  | Noticed an azure jelly
 31263 | Slime:4  | Noticed an azure jelly
 31280 | Slime:4  | Noticed a rockslime
 31343 | Slime:4  | Noticed an azure jelly
 31381 | Slime:4  | Noticed an acid blob
 31387 | Slime:4  | Noticed an acid blob
 31516 | Slime:4  | Noticed an azure jelly
 31527 | Slime:4  | Found a viscous altar of Jiyva.
 31646 | Slime:5  | Entered Level 5 of the Pits of Slime
 31687 | Slime:5  | Noticed a rockslime
 31693 | Slime:5  | Noticed a rockslime
 31700 | Slime:5  | Noticed an acid blob
 31705 | Slime:5  | Noticed a rockslime
 31727 | Slime:5  | Noticed an azure jelly
 31748 | Slime:5  | Noticed a rockslime
 31780 | Slime:5  | Found a viscous altar of Jiyva.
 31799 | Slime:5  | Noticed the Royal Jelly
 32404 | D:13     | Gained mutation: Your mind is acute. (Int +4, Str/Dex -1)
                  | [Jiyva's grace]
 32404 | D:13     | Gained mutation: Your mind is very acute. (Int +8, Str/Dex
                  | -2) [Jiyva's grace]
 32404 | D:13     | Gained mutation: You are agile. (Dex +4, Str/Int -1)
                  | [Jiyva's grace]
 32404 | D:13     | Gained mutation: You are very agile. (Dex +8, Str/Int -2)
                  | [Jiyva's grace]
 32497 | D:13     | Identified the +12 whip of Zairipp {vamp, Dex+3}
 32849 | D:14     | Noticed Azrael
 32885 | D:14     | Killed Azrael
 32961 | D:14     | Found Felejaant's Jewellery Shop.
 32969 | D:14     | Bought a dragon-blood talisman for 900 gold pieces
 33052 | D:14     | Found a gate to the Vaults.
 33116 | D:14     | Reached XP level 17. HP: 117/117 MP: 17/17
 33130 | D:14     | Reached skill level 15 in Shapeshifting
 33419 | D:15     | Entered Level 15 of the Dungeon
 33505 | D:15     | Found a staircase to the Depths.
 33742 | D:15     | Reached ****** piety under Jiyva
 33819 | D:15     | Found a basalt altar of Yredelemnul.
 34558 | Slime:5  | Identified the staff "Koitoir" {rC+ rN+ Str+3 Int+2 Ice}
 34561 | Slime:5  | Identified the amulet "Osycumed" {Reflect rElec rN+ Regen+
                  | SH+5}
 34577 | Slime:5  | Identified the +0 robe "Codwebb" {rC+ Regen+ Int+5 Stlth+}
 34589 | Slime:5  | Got a slimy rune of Zot
 34602 | Slime:5  | Identified the amulet "Ageuneu" {RegenMP rElec}
 34604 | Slime:5  | Identified the +0 plate armour of Purpose {Drain +Inv Will-
                  | Dex+9}
 34605 | Slime:5  | Identified the staff of the Shoals {rElec Dex+4 Air}
 34618 | Slime:5  | Identified the +0 pair of boots of Xet Morr {Will+ Str-3
                  | Dex+3}
 35123 | Elf:1    | Entered Level 1 of the Elven Halls
 35227 | Elf:1    | Noticed Nikola
 35236 | Elf:1    | Killed Nikola
 35239 | Elf:1    | Noticed Agnes
 35248 | Elf:1    | Identified the serpent talisman "Amo Aff" {rC+ rN+ Will-
                  | Dex+7}
 35248 | Elf:1    | Noticed Aizul
 35257 | Elf:1    | Killed Aizul
 35435 | Elf:1    | Lost mutation: You are completely covered in iridescent
                  | scales. (AC +6) [Jiyva's grace]
 35435 | Elf:1    | Gained mutation: You have a small jelly attached to you
                  | that senses nearby items. [Jiyva's grace]
 35435 | Elf:1    | Gained mutation: Your body has grown eyes which may confuse
                  | attackers. (Acc +3) [Jiyva's grace]
 35435 | Elf:1    | Gained mutation: Your body has grown many eyes which may
                  | confuse attackers. (Acc +5) [Jiyva's grace]
 35435 | Elf:1    | Gained mutation: Your body is covered in eyes which may
                  | confuse attackers. (Acc +7, SInv) [Jiyva's grace]
 35450 | Elf:1    | Killed Agnes
 35771 | Elf:1    | Identified the +4 short sword of Fear {pain, rF+}
 35989 | Elf:2    | Paralysed by an air elemental for 1 turns
 36008 | Elf:2    | Mangled by an earth elemental

Illustrated notes

Levels and vault maps discovered:
D:1:      elethiomel_arrival_maze, layout_basic, basic_ecumenical_altar,
          minmay_surrounded
D:2:      layout_basic, uniq_terence, uniq_robin
D:3:      layout_loops_ring, kennysheep_generic_room_15, uniq_crazy_yiuf_cottage
D:4:      layout_loops_ring
D:5:      layout_layer_cave, cheibriados_altar_1, portal_sewer_entry_d,
          uniq_duvessa
D:6:      layout_basic, chequers_temple_overflow_minitemple,
          minmay_temple_entry_water_ring, gammafunk_ghost_necromancy
D:7:      layout_loops_ring, serial_shops, nicolae_shop_peninsula,
          roderic_three_in_a_row, kennysheep_crisscross
D:8:      layout_loops_ring, enter_bailey_5, minmay_fountain_box, uniq_gastronok
D:9:      layout_basic, zin_statuary, mainiacjoe_overflow_paths,
          mainiacjoe_overflow_small_starburst, lair_entry_dummy,
          grunt_decor_resistance, chequers_serial_rivers_room_a
D:10:     layout_long_grid, nicolae_uskayaw_en_pointe,
          overflow_temple_1_default, hiddenorc1_lemuel, nrook_mini_backslash,
          lightli_orcish_oven, uniq_nergalle, uniq_joseph, uniq_erica,
          uniq_sonja
D:11:     layout_basic, serial_shops, nicolae_shop_rolling_square
D:12:     layout_rooms, portal_ice_cave_entry_ice_simulacra, uniq_lodul,
          uniq_snorg
D:13:     layout_long_grid
D:14:     layout_rooms, skrybe_vaults_entry_preservation,
          minmay_misc_feat_more_columns, serial_shops,
          nicolae_shop_getting_attention, uniq_azrael
D:15:     gammafunk_enter_depths_forms, layout_loops_ring,
          yredelemnul_altar_generic
Temple:   bh_familiar_temple
Lair:1:   layout_gridlike, serial_rivers, chequers_serial_rivers_micro_b,
          chequers_serial_rivers_micro_a, chequers_serial_rivers_marsh,
          chequers_serial_rivers_small_a, chequers_serial_rivers_small_3,
          chequers_serial_rivers_micro_c, basic_altar
Lair:2:   layout_loops_ring, alex1729_swamp_entry_worm_eleionoma,
          infiniplex_staircase_pool
Lair:3:   layout_layer_cave, spider_nest_entry_rubble, serial_bayou_shore_b
Lair:4:   layout_regular_city, nicolae_slime_entry_slimehenge,
          grunt_megastairs_4
Lair:5:   due_jungle_book, layout_regular_city
Swamp:1:  layout_basic_swamp, nicolae_swamp_oxbows, nicolae_swamp_long_stream
Swamp:2:  layout_basic_swamp, serial_swamp_ruin, evilmike_swamp_ruin_house_4,
          evilmike_swamp_ruin_house_3, swamp_pool_5,
          nicolae_swamp_decorative_isthmus, uniq_kirke, uniq_jorgrun
Swamp:3:  layout_falls_marsh, hangedman_swamp_lotus
Swamp:4:  swamp_old_school, layout_basic_swamp
Slime:1:  layout_caves
Slime:2:  layout_caves
Slime:3:  layout_caves, nicolae_slime_welcoming_committee
Slime:4:  layout_caves, basic_altar, cheibrodos_slime_lost_civilization_6
Slime:5:  slime_pit_nicolae_jellycorners
Orc:1:    minmay_goldmine, layout_caves, biasface_ghost_orc_armoury,
          minmay_orc_barracks
Orc:2:    st_orc_pillars, layout_diamond_mine, basic_altar
Elf:1:    layout_loops_cross, hangedman_elven_crosses_minicolossus, uniq_aizul,
          uniq_agnes, uniq_louise, uniq_nikola
Elf:2:    elven_hall_of_blades_hangedman_original
          [nicolae_blade_entry_crossed_weapons], layout_loops_cross,
          serial_shops, shop, minmay_shop_grove

Skill      XL: |  1  2  3  4  5  6  7  8  9 10 11 12 13 14 15 16 17 |
---------------+----------------------------------------------------+-----
Stealth        | 1 2 3 4 5 7 |  7.5
Shapeshifting  | 4 5 6 10 11 13 14 17 | 17.4
Unarmed Combat | 4 6 7 8 12 15 16 17 | 17.2
Dodging        | 3 4 8 11 12 14 15 | 15.2
Throwing       | 1 3 |  3.9
Fighting       | 2 5 6 7 9 10 11 | 11.6
Evocations     | 4 5 |  5.8
Shields        | 4 7 8 9 |  9.1

Action                     |  1- 3 |  4- 6 |  7- 9 | 10-12 | 13-15 | 16-18 || total
---------------------------+-------+-------+-------+-------+-------+-------++-------
  Melee: Unarmed           |    72 |   103 |   239 |   524 |  1065 |   503 ||  2506
         Constrict         |    18 |    27 |    38 |    81 |   156 |    41 ||   361
         Tentacles         |    10 |    27 |    51 |   166 |   342 |   105 ||   701
         Punch             |     2 |     3 |     7 |       |    70 |    56 ||   138
         Maw               |       |       |       |       |   235 |    75 ||   310
         Pseudopods        |       |       |       |       |    46 |       ||    46
         Bite              |       |       |       |       |    31 |    17 ||    48
         Tailslap          |       |       |       |       |       |    22 ||    22
  Throw: Dart              |       |     8 |    12 |       |       |       ||    20
         Boomerang         |       |       |     5 |       |       |       ||     5
 Invoke: Oozemancy         |       |       |       |       |     2 |       ||     2
Ability: Breathe Fire      |       |       |       |       |       |     1 ||     1
  Evoke: Wand              |       |     1 |     5 |    18 |     3 |     2 ||    29
    Use: Scroll            |       |       |    21 |     6 |     2 |     3 ||    32
         Potion            |       |       |     1 |     1 |     8 |     6 ||    16
   Stab: Sleeping          |     9 |     8 |    16 |       |    12 |    16 ||    61
         Distracted        |     1 |       |       |       |     4 |     3 ||     8
         Invisible         |       |       |     1 |     1 |       |       ||     2
 Armour: Skin              |    30 |    45 |    78 |   189 |   302 |   251 ||   895
  Dodge: Dodged            |    32 |    74 |   198 |   498 |   989 |   639 ||  2430
  Block: Kite shield       |       |       |       |       |    35 |       ||    35
         Buckler           |       |       |       |       |   163 |    90 ||   253
         Other             |       |       |       |       |       |    19 ||    19
         Reflection        |       |       |       |       |       |     2 ||     2
   Form: Beast             |       |     2 |       |       |       |       ||     2
                           |       |     1 |       |       |       |       ||     1
         Flux              |       |       |     1 |       |       |       ||     1
         Maw               |       |       |       |       |     2 |     1 ||     3
         Blade             |       |       |       |       |     1 |     1 ||     2
         Dragon            |       |       |       |       |       |     1 ||     1

Table legend: (Time is in decaauts)
 A = Elapsed time spent in this place.
 B = Non-inter-level travel time spent in this place.
 C = Inter-level travel time spent in this place.
 D = Time resting spent in this place.
 E = Time spent auto-exploring this place.
 F = Levels seen in this place.
 G = Mean time per level.
                   A        B        C        D        E       F      G
               +--------+--------+--------+--------+--------+-----+--------+
         Total |  35553 |  33012 |   2541 |   8991 |  17407 |  37 |  960.9 |
       Dungeon |  18297 |  16895 |   1402 |   5367 |   8719 |  15 | 1219.8 |
        Temple |    217 |    194 |     23 |      0 |      0 |   1 |  217.0 |
          Lair |   6991 |   6276 |    715 |   1397 |   3780 |   5 | 1398.2 |
         Swamp |   2333 |   2175 |    158 |     33 |   1540 |   4 |  583.2 |
    Slime Pits |   1450 |   1338 |    112 |      0 |   1164 |   5 |  290.0 |
  Orcish Mines |   2666 |   2568 |     98 |   1016 |    988 |   2 | 1333.0 |
   Elven Halls |    842 |    811 |     31 |     46 |    545 |   2 |  421.0 |
         Sewer |    546 |    546 |      0 |    219 |     55 |   1 |  546.0 |
        Bailey |    774 |    774 |      0 |    413 |     68 |   1 |  774.0 |
      Ice Cave |   1433 |   1433 |      0 |    499 |    548 |   1 | 1433.0 |
               +--------+--------+--------+--------+--------+-----+--------+

Top non-repeatable levels by time:
     D:9: 2035 daAuts
   Orc:1: 2031 daAuts
    D:11: 1817 daAuts
    D:10: 1657 daAuts
  Lair:1: 1623 daAuts
     D:8: 1580 daAuts
     D:5: 1555 daAuts
  Lair:3: 1507 daAuts
  Lair:5: 1452 daAuts
   IceCv: 1433 daAuts
  Lair:4: 1386 daAuts
     D:7: 1331 daAuts
     D:1: 1316 daAuts
     D:2: 1238 daAuts
    D:12: 1114 daAuts
